 Dungeon Crawl Stone Soup version 0.24.0-37-gcf1ca852f1 (webtiles) character file.

Game seed: 10693157555167319924, levelgen mode: deterministic

1724 FishyPogo the Fighter (level 8, 0/75 HPs)
             Began as a Green Draconian Berserker on Nov 21, 2019.
             Was an Elder of Trog.
             Slain by an ice beast (5 damage)
             ... on level 8 of the Dungeon.
             The game lasted 00:22:11 (4031 turns).

FishyPogo the Fighter (Green Draconian Berserker)   Turns: 4031, Time: 00:22:11

Health: 0/75       AC:  7    Str: 20    XL:     8   Next: 75%
Magic:  8/8        EV: 15    Int:  9    God:    Trog [****..]
Gold:   247        SH:  0    Dex: 11    Spells: 7/7 levels left

rFire    . . .     SeeInvis .   a - +1 spear
rCold    . . .     Gourm    .   (no shield)
rNeg     . . .     Faith    .   (armour unavailable)
rPois    +         Spirit   .   (helmet restricted)
rElec    .         Reflect  .   (no cloak)
rCorr    .         Harm     .   u - +0 pair of gloves
MR       .....                  (no boots)
Stlth    +.........             (no amulet)
HPRegen  0.22/turn              (no ring)
MPRegen  0.11/turn              (no ring)

@: no status effects
A: breathe noxious fumes, unfitting armour, poison resistance, cold-blooded, AC
+6
a: Breathe Noxious Fumes, Berserk, Trog's Hand, Brothers in Arms, Renounce
Religion


You were on level 8 of the Dungeon.
You worshipped Trog.
Trog was greatly pleased with you.
You were hungry.

You visited 1 branch of the dungeon, and saw 6 of its levels.
You also visited: Ossuary.

You collected 247 gold pieces.

Inventory:

Hand Weapons
 a - a +1 spear (weapon)
Missiles
 d - 82 stones
 n - 6 boomerangs (quivered)
 p - a throwing net
 v - 5 javelins
Armour
 u - a +0 pair of gloves (worn)
Scrolls
 e - a scroll of remove curse {unknown}
 g - 3 scrolls of identify
 i - a scroll of enchant armour {unknown}
 j - a scroll of amnesia
 k - a scroll of enchant weapon
Potions
 c - a potion of flight {unknown}
 f - a potion of mutation {unknown}
 h - a potion of might {unknown}
 l - 8 potions of curing {unknown}
 m - a potion of resistance {unknown}
 o - a potion of berserk rage {unknown}
 q - 3 potions of lignification {unknown}
 r - 3 potions of cancellation {unknown}
 s - a potion of agility {unknown}
 w - a potion of degeneration {unknown}
 z - a potion of magic {unknown}
 A - a potion of brilliance
Comestibles
 b - a ration


   Skills:
 * Level 8.5 Fighting
 - Level 3.0 Polearms
 + Level 4.3 Throwing
 * Level 7.0 Dodging


You had 7 spell levels left.
You didn't know any spells.
Your spell library was empty.

Dungeon Overview and Level Annotations

Branches:
Dungeon (8/15)            Ossuary (visited)
 Temple: D:4-7         Lair: D:8-11

Altars:
Nemelex Xobeh
The Shining One

Shops:
D:4 (


Innate Abilities, Weirdness & Mutations

You can breathe blasts of noxious fumes.
Your lurid green scales are hard. (AC +6)
You cannot fit into any form of body armour.
Your system is resistant to poisons. (rPois)
You are cold-blooded and may be slowed by cold attacks.


Message History

The ice beast misses you. The ice beast barely misses you.
You closely miss the ice beast.
The ice beast is heavily wounded.
The ice beast barely misses you.
You hit the ice beast.
The ice beast is severely wounded.
You have got your breath back.
The ice beast hits you. The ice beast freezes you!
You feel yourself slow down.
* * * LOW HITPOINT WARNING * * *
You barely miss the ice beast.
The ice beast is severely wounded.
The ice beast hits you.
* * * LOW HITPOINT WARNING * * *
The ice beast freezes you!
* * * LOW HITPOINT WARNING * * *
You feel yourself speed up. The ice beast hits you.
* * * LOW HITPOINT WARNING * * *
The ice beast freezes you.
You die...

#.# ####.######
#...........
#.##########
#.# #.# #.# #.#
#@# #Y# #†#
#.############
#..............
#.#...#Y..#...#
#..............
###...#...#...#
#.............


You could see an ice beast.

Vanquished Creatures
  Grinder (D:3)
  A sky beast (D:8)
  A necrophage (D:8)
  An ogre (D:8)
  2 bullfrogs (D:8)
  7 water moccasin zombies (Ossuary)
  3 scorpions
  2 orc priests
  A bullfrog skeleton (D:4)
  A hound (D:4)
  5 orc wizards
  Terence (D:3)
  An iguana (D:4)
  2 worker ants (D:4)
  A big kobold zombie (Ossuary)
  2 mummies (Ossuary)
  8 adders
  A howler monkey skeleton (D:4)
  An ooze (D:4)
  5 adder zombies (Ossuary)
  A worm (D:2)
  A dart slug (D:1)
  5 leopard geckos
  8 orcs
  6 bats
  A giant cockroach (D:1)
  2 gnoll zombies (Ossuary)
  11 goblins
  7 hobgoblins
  4 jackals (D:2)
  9 kobolds
  5 quokkas
  7 frilled lizards
  5 hobgoblin zombies (Ossuary)
  2 kobold zombies (Ossuary)
  A leopard gecko skeleton (D:2)
  6 orc zombies (Ossuary)
  7 rats
135 creatures vanquished.

Vanquished Creatures (others)
  2 fungi (D:8)
2 creatures vanquished.

Grand Total: 137 creatures vanquished

Notes
Turn   | Place    | Note
-------+----------+-------------------------------------------
     0 | D:1      | FishyPogo the Draconian Berserker began the quest for the
                  | Orb.
     0 | D:1      | Reached XP level 1. HP: 19/19 MP: 1/1
    60 | D:1      | Reached XP level 2. HP: 26/26 MP: 2/2
   480 | D:1      | Reached ** piety under Trog
   530 | D:1      | Reached XP level 3. HP: 33/33 MP: 3/3
   562 | D:2      | Reached skill level 4 in Fighting
   562 | D:2      | Reached skill level 1 in Throwing
   987 | D:2      | Reached XP level 4. HP: 40/40 MP: 4/4
  1441 | D:3      | Noticed Grinder
  1488 | D:3      | Noticed Terence
  1510 | D:3      | Killed Terence
  1977 | D:3      | Killed Grinder
  1977 | D:3      | Reached skill level 5 in Fighting
  1977 | D:3      | Reached XP level 5. HP: 49/49 MP: 5/5
  1977 | D:3      | Reached XP level 6. HP: 56/56 MP: 6/6
  2233 | D:3      | Found a sparkling altar of Nemelex Xobeh.
  2549 | D:3      | Reached *** piety under Trog
  2551 | D:3      | Reached skill level 6 in Fighting
  2795 | D:4      | Reached skill level 5 in Dodging
  2842 | D:4      | Your scales start taking on a lurid green colour.
  2842 | D:4      | Reached XP level 7. HP: 63/63 MP: 7/7
  2842 | D:4      | Gained mutation: Your system is resistant to poisons.
                  | (rPois) [Green Draconian growth]
  2930 | D:4      | Found Kiqyinki's Weapon Shoppe.
  3501 | D:5      | Entered Level 5 of the Dungeon
  3502 | D:5      | You fall into a shaft and drop 3 floors!
  3514 | D:8      | Reached skill level 7 in Fighting
  3535 | D:8      | Found a glowing golden altar of the Shining One.
  3548 | D:8      | Reached XP level 8. HP: 73/73 MP: 8/8
  3592 | D:8      | Found a sand-covered staircase.
  3597 | Ossuary  | Entered an ossuary
  3624 | Ossuary  | Reached **** piety under Trog
  3761 | Ossuary  | Reached skill level 8 in Fighting
  4031 | D:8      | Slain by an ice beast

Levels and vault maps discovered:
D:1:      onia_arrival_handbag, layout_rooms, minmay_hexomino_p4
D:2:      layout_basic
D:3:      layout_basic, nemelex_altar_shiori, uniq_grinder, uniq_terence
D:4:      minmay_clustersquares, layout_cave_pools, serial_shops, shop
D:5:      layout_cave_pools, ashenzari_altar_1, okawaru_gym_becter,
          first_ration, serial_bayou_crossing
D:8:      layout_loops_ring, tso_oasis_becter, nicolae_qazlal_style_of_elements,
          fedhas_altar_3, lemuel_coloured_pillars_altar,
          nicolae_ossuary_entry_ruins, serial_shops, nicolae_shop_waterfront

Skill      XL: |  1  2  3  4  5  6  7  8 |
---------------+-------------------------+-----
Dodging        | 3 4 5 6 7 |  7.0
Fighting       | 4 5 6 7 8 |  8.5
Throwing       | 1 2 3 4 |  4.3
Polearms       | |  3.0

Action                   |  1- 3 |  4- 6 |  7- 9 || total
-------------------------+-------+-------+-------++-------
Melee: Spear             |   108 |   140 |   323 ||   571
       Tailslap          |    18 |    18 |    39 ||    75
Throw: Boomerang         |       |    14 |    10 ||    24
Invok: Berserk           |     4 |     5 |     7 ||    16
       Trog's Hand       |       |     1 |       ||     1
 Abil: Breathe Noxious F |       |       |    11 ||    11
  Use: Scroll            |       |       |     7 ||     7
       Potion            |       |       |     1 ||     1
 Stab: Sleeping          |     3 |     1 |     2 ||     6
       Confused          |       |       |     1 ||     1
  Eat: Chunk             |     4 |     7 |    10 ||    21
       Ration            |       |     1 |     1 ||     2
Armor: Skin              |    17 |    38 |    56 ||   111
Dodge: Dodged            |    35 |    64 |   183 ||   282
